 Dungeon Crawl Stone Soup version 0.31.0-11-ge490571c62 (webtiles) character file.

Game seed: 6242643762124652712

123 Goblin1989 the Cutter (level 4, 0/33 HPs)
             Began as a Demonspawn Brigand on Feb 9, 2024.
             Succumbed to an adder's poison
             ... on level 4 of the Dungeon.
             The game lasted 00:05:06 (2458 turns).

Goblin1989 the Cutter (Demonspawn Brigand)          Turns: 2458, Time: 00:05:06

Health: 0/33       AC:  5    Str: 11    XL:     4   Next: 80%
Magic:  4/4        EV:  6    Int: 11    God:
Gold:   194        SH:  0    Dex: 17    Spells: 3/3 levels left

rFire   . . .        a - +2 dagger
rCold   . . .        (no shield)
rNeg    . . .        b - +0 robe
rPois   .            i - +0 helmet
rElec   .            c - +0 cloak
rCorr   .            f - +0 pair of gloves
SInv    +            (no boots)
Will    .....        v - amulet of reflection
Stlth   +++          u - ring of see invisible
HPRegen 0.25/turn    (no ring)
MPRegen 0.09/turn

%: reflection
@: lethally poisoned (0 -> -1), held, hasted and slowed
A: spiny 1
a: no special abilities


You were on level 4 of the Dungeon.
You visited 1 branch of the dungeon, and saw 4 of its levels.

You collected 194 gold pieces.

Inventory:

Hand Weapons
 a - a +2 dagger (weapon)
Missiles
 d - 9 poisoned darts (quivered)
 e - 3 curare-tipped darts
 p - 4 atropa-tipped darts
Armour
 b - a +0 robe (worn)
 c - a +0 cloak (worn)
 f - a +0 pair of gloves (worn)
 i - a +0 helmet (worn)
Jewellery
 u - a ring of see invisible (left hand)
 v - an amulet of reflection (around neck)
Scrolls
 g - 2 scrolls of fear {unknown}
 h - a scroll of blinking {unknown}
 l - 3 scrolls of identify {unknown}
 m - a scroll of summoning {unknown}
 q - a scroll of fog {unknown}
 s - a scroll of teleportation {unknown}
Potions
 j - 2 potions of haste
 k - a potion of lignification {unknown}
 n - a potion of curing {unknown}
 o - a potion of degeneration {unknown}
 r - a potion of cancellation {unknown}
 t - a potion of attraction {unknown}


   Skills:
 - Level 2.0 Fighting
 + Level 4.6 Short Blades
 - Level 1.7 Throwing
 - Level 0.8 Dodging
 - Level 3.6 Stealth


You had 3 spell levels left.
You didn't know any spells.
Your spell library contained the following spells:

 Spells                   Type           Power      Damage    Failure   Level
 Call Canine Familiar     Summ           0%         N/A       71%         3
 Sigil of Binding         Hex            0%         N/A       71%         3
 Animate Dead             Necr           0%         N/A       98%         4
 Dimensional Bullseye     Hex/Tloc       0%         N/A       98%         4
 Haunt                    Necr/Summ      0%         N/A       100%        7


Dungeon Overview and Level Annotations

Branches:
Dungeon (4/15) Zot: 21553
 Temple: D:4-7

Altars:


Innate Abilities, Weirdness & Mutations

You are partially covered in sharp spines.


Message History

You feel yourself slow down.
The ribbon worm expels a string of sticky webbing.
The stream of webbing hits you but does no damage.
You are caught in a web!
The cerulean imp hits you from afar with a +1 spear.
The cerulean imp hits you but does no damage.
The web tears apart.
Natasha barely misses you. The cerulean imp barely misses you.
The cerulean imp hits you but does no damage.
The ribbon worm barely misses you. Natasha casts a spell at you.
The magic dart hits you!
You are too injured to fight recklessly!
You take 14 damage, and have 19/33 hp.
MASSIVE DAMAGE!!
The ribbon worm expels a string of sticky webbing.
The stream of webbing hits you but does no damage.
You are caught in a web!
There is a web here.
You struggle to detach yourself from the web.
Natasha claws you. The endoplasm freezes you.
You are frozen.
* * * LOW HITPOINT WARNING * * *
Natasha barely misses you.
The cerulean imp hits you from afar with a +1 spear.
* * * LOW HITPOINT WARNING * * *
You take 6 damage, and have 13/33 hp.
The web tears apart.
The endoplasm freezes you.
You are frozen.
* * * LOW HITPOINT WARNING * * *
Natasha is struck by your spines. Natasha misses you.
You block the cerulean imp's attack.
You take 2 damage, and have 11/33 hp.
Natasha casts a spell.
The cerulean imp hits you but does no damage.
The endoplasm hits you but does no damage.
Natasha stares at you and mumbles some strange words.
You feel as though you will be slow longer.
The endoplasm attacks as it pursues you!
You block the endoplasm's attack.
The cerulean imp hits you from afar with a +1 spear.
* * * LOW HITPOINT WARNING * * *
The endoplasm freezes you.
You are frozen.
* * * LOW HITPOINT WARNING * * *
You take 7 damage, and have 4/33 hp.
MASSIVE DAMAGE!!
The endoplasm attacks as it pursues you!
The endoplasm hits you but does no damage.
You block the endoplasm's attack.
You hit the endoplasm.
You punch the endoplasm, but do no damage.
The endoplasm is severely wounded.
The endoplasm is struck by your spines.
The endoplasm hits you but does no damage.
You hit the endoplasm but do no damage.
The endoplasm is almost dead.
The endoplasm is struck by your spines.
You kill the endoplasm!
You hit Natasha.
Natasha is heavily wounded.
You block Natasha's attack.
You barely miss Natasha.
Natasha is heavily wounded.
Natasha is struck by your spines. Natasha closely misses you.
You hit Natasha.
You kill Natasha!
Natasha screams in pain as she dies!
You hit the adder but do no damage. The adder is struck by your spines.
The adder bites you but does no damage.
You hit the adder.
The adder is almost dead.
The adder barely misses you.
You closely miss the adder.
The adder is almost dead.
The adder bites you.
* * * LOW HITPOINT WARNING * * *
You are lethally poisoned!
The adder poisons you! The adder barely misses you.
You take 2 damage, and have 5/33 hp.
You miss the adder.
The adder is almost dead.
* * * LOW HITPOINT WARNING * * *
You feel sick. The adder closely misses you. x2
You take 2 damage, and have 3/33 hp.
You hit the adder.
You kill the adder!
* * * LOW HITPOINT WARNING * * *
You feel sick.
You take 1 damage, and have 2/33 hp.
You hit the ribbon worm.
The ribbon worm is lightly wounded.
* * * LOW HITPOINT WARNING * * *
You feel sick.
The ribbon worm expels a string of sticky webbing.
The stream of webbing hits you but does no damage.
You are caught in a web!
You take 1 damage, and have 1/33 hp.
It was a potion of haste.
You feel yourself speed up.
You die...

█..... ███ █...█.█
█.. █w.██.█ █.█
█5S██.███.█
█55█...██.████
██h█..........█ █
██§███.........█.██


█w██ █.█.....)..... ██@███......))███.. ██.█<............█ ██.█...████████..
████.██ █.█ █.█ █.█ █.█ █.█ You could see a ribbon worm (catching breath).

Vanquished Creatures
  Natasha (D:4)
  An orc wizard (D:3)
  2 adders (D:4)
  5 orcs
  3 bats (D:3)
  5 endoplasms
  3 giant cockroaches
  2 goblins
  4 hobgoblins
  2 jackals (D:1)
  7 kobolds
  2 quokkas
  4 ball pythons
  5 frilled lizards
  3 rats
49 creatures vanquished.

Notes
Turn   | Place    | Note
-------+----------+-------------------------------------------
     0 | D:1      | Goblin1989 the Demonspawn Brigand began the quest for the
                  | Orb.
     0 | D:1      | Reached XP level 1. HP: 16/16 MP: 1/1
    78 | D:1      | Reached skill level 2 in Short Blades
   436 | D:1      | Gained mutation: You are partially covered in sharp spines.
                  | [demonic ancestry]
   436 | D:1      | Reached XP level 2. HP: 18/22 MP: 2/2
  1174 | D:2      | Reached skill level 3 in Short Blades
  1675 | D:3      | Reached XP level 3. HP: 27/27 MP: 3/3
  2301 | D:3      | Reached skill level 4 in Short Blades
  2301 | D:3      | Reached XP level 4. HP: 23/33 MP: 4/4
  2411 | D:4      | Got the Directory of Maleficent Deeds
  2430 | D:4      | Noticed Natasha
  2451 | D:4      | Killed Natasha
  2457 | D:4      | HP: 1/33 [poisoned by an adder]
  2458 | D:4      | Succumbed to an adder's poison

Illustrated notes

Levels and vault maps discovered:
D:1:      elethiomel_arrival_quiet, layout_loops_corners
D:2:      layout_basic, serial_curves, eino_curves_03, eino_curves_04,
          eino_curves_01
D:3:      layout_basic, dreamdust_divine_triumvirate, hangedman_decor_growths
D:4:      layout_loops_ring, minmay_temple_entry_wispy,
          minmay_misc_feat_pillars, uniq_ijyb, uniq_natasha

Skill      XL: |  1  2  3 |
---------------+----------+-----
Short Blades   | 2 3 4 |  4.6
Fighting       | |  2.0
Throwing       | |  1.7
Dodging        | |  0.8
Stealth        | |  3.6

Action                     |  1- 3 |  4- 6 || total
---------------------------+-------+-------++-------
  Melee: Dagger            |    82 |    34 ||   116
         Punch             |       |     1 ||     1
    Use: Potion            |       |     1 ||     1
   Stab: Sleeping          |    10 |       ||    10
 Armour: Robe              |    37 |    27 ||    64
  Dodge: Dodged            |    27 |    16 ||    43
  Block: Other             |     4 |     9 ||    13
         Reflection        |     1 |     1 ||     2
